 Dungeon Crawl Stone Soup version 0.20-a0-16-g0876c8e (webtiles) character file.

733 KristoblXynda the Charlatan (level 7, 0/34 HPs)
             Began as a Spriggan Artificer on Nov 3, 2016.
             Was a Believer of Uskayaw.
             Slain by an orc wizard
             ... wielding a +0 dagger
              (5 damage)
             ... on level 5 of the Dungeon.
             The game lasted 00:11:23 (6210 turns).

KristoblXynda the Charlatan (Spriggan Artificer)    Turns: 6210, Time: 00:11:24

Health: 0/34       AC:  2    Str: 13    XL:     7   Next: 45%
Magic:  13/13      EV: 22    Int: 14    God:    Uskayaw [**....]
Gold:   326        SH:  0    Dex: 20    Spells: 0 memorised, 6 levels left

rFire  . . .     SeeInvis +     w - +1 hand axe of Gehenna {venom, *Noise Str+5} (curse)
rCold  . . .     Gourm    .     b - +0 robe
rNeg   . . .     Faith    .     (shield restricted)
rPois  .         Spirit   .     (helmet restricted)
rElec  .         Reflect  .     (no cloak)
rCorr  .         Harm     .     (gloves unavailable)
MR     +....                    (boots unavailable)
Stlth  ++++......               (no amulet)
                                p - +3 ring of dexterity
                                h - +4 ring of evasion

@: very quick
A: unfitting armour, see invisible, herbivore 3, speed 3, slow metabolism 2
a: Stomp, Line Pass, Renounce Religion


You were on level 5 of the Dungeon.
You worshipped Uskayaw.
Uskayaw was noncommittal.
You were not hungry.

You visited 2 branches of the dungeon, and saw 6 of its levels.

You collected 326 gold pieces.

Inventory:

Hand Weapons
 a - a +0 short sword
 w - the cursed +1 hand axe of Gehenna (weapon) {venom, *Noise Str+5}
   (You found it on level 4 of the Dungeon)

   It poisons the flesh of those it strikes.
   It affects your strength (+5).
   It may make noises in combat.
   It has a curse placed upon it.
Armour
 b - a +0 robe (worn)
Jewellery
 h - a +4 ring of evasion (left hand)
 i - an uncursed ring of poison resistance {unknown}
 p - a +3 ring of dexterity (right hand)
 y - an uncursed ring of flight {unknown}
Wands
 c - a wand of flame (14/48)
 d - a wand of enslavement (15/24)
 e - a wand of random effects (1/48)
 v - a wand of random effects (30/48)
Scrolls
 g - a scroll of recharging
 m - 3 scrolls of teleportation
 n - 2 scrolls of noise
Potions
 j - 3 potions of heal wounds
 k - 2 potions of flight
 l - a potion of degeneration {unknown}
 o - 3 potions of curing
 q - a potion of cancellation {unknown}
 r - 2 potions of agility {unknown}
 s - a potion of resistance {unknown}
 u - a potion of haste {unknown}
 z - a potion of invisibility {unknown}
 A - a potion of brilliance {unknown}
Books
 t - a book of Flames

   Spells                             Type                      Level
   a - Flame Tongue                   Conjuration/Fire             1
   b - Throw Flame                    Conjuration/Fire             2
   c - Conjure Flame                  Conjuration/Fire             3
   d - Inner Flame                    Hexes/Fire                   3
   e - Sticky Flame                   Conjuration/Fire             4
   f - Fireball                       Conjuration/Fire             5
Comestibles
 f - 2 bread rations


   Skills:
 - Level 1.7 Fighting
 + Level 4.7 Short Blades
 - Level 3.0 Dodging
 + Level 7.4 Stealth
 + Level 7.5 Evocations


You had 6 spell levels left.
You didn't know any spells.

Dungeon Overview and Level Annotations

Branches:
Dungeon (5/15)             Temple (1/1) D:4

Altars:
Ashenzari
Cheibriados
Dithmenos
Fedhas
Hepliaklqana
Kikubaaqudgha
Makhleb
Nemelex Xobeh
Qazlal
Sif Muna
Trog
Uskayaw
Xom
Yredelemnul
Zin
The Shining One


Innate Abilities, Weirdness & Mutations

You are very small and have problems with some larger weapons.
You are too small for most types of armour.
You have supernaturally acute eyesight. (SInv)
You are a herbivore.
You cover ground extremely quickly.
You need consume almost no food.


Message History

The orc wizard is moderately wounded.
The orc wizard casts a spell at you.
You are confused.
The orc wizard barely misses you.
You barely miss the orc. You closely miss the orc wizard.
The orc wizard completely misses you. The orc closely misses you.
The orc wizard completely misses you.
You closely miss the orc. The orc wizard hits you with a dagger.
You completely miss the orc wizard.
The orc wizard is moderately wounded.
The orc wizard gestures at you while chanting.
The puff of flame hits you!
* * * LOW HITPOINT WARNING * * *
The orc wizard closely misses you.
You feel better.
The orc wizard gestures at you while chanting.
The magic dart hits you!
* * * LOW HITPOINT WARNING * * *
The orc wizard hits you with a dagger.
You die...

..................# #....'.
.......^.#'#'####.# #.####.
........##.#.# #.#########.##...
....######.#.# #...........##.#.
....# #.#.# #..###########.#.
....# #.#.####..#...........##
....# #.#.#..........#........
....# #.#.#............#######
##### #.#.#..@o...(..#########
#.#.....o.#.........#...
#.######..#+#######.#.## #.#
##........##.#.#. ########.#
#).......##.#.#.
#........#######........##.#.#.
*#.#.####................##.#'#.
*,,,,,,*###......#..)....##.....
*,,*,*,* #......#.......##.....


You could see an orc wizard (invisible) and an orc.

Vanquished Creatures
  An ogre (D:4)
  3 scorpions
  A crimson imp (D:5)
  2 hounds
  An orc priest (D:5)
  A centaur skeleton (D:4)
  2 orc wizards
  A bullfrog skeleton (D:4)
  3 worker ants (D:4)
  2 worker ant zombies (D:3)
  5 adders
  2 adder skeletons (D:3)
  An adder zombie (D:5)
  A worm (D:3)
  A dart slug (D:1)
  3 leopard geckos
  9 orcs
  3 ball pythons
  19 giant cockroaches
  6 goblins (D:2)
  9 hobgoblins
  6 jackals
  A quokka (D:4)
  9 bats
  A jackal skeleton (D:4)
  8 kobolds
  A quokka skeleton (D:5)
  5 rats
107 creatures vanquished.

Vanquished Creatures (collateral kills)
  An orc (D:3)
  An adder (D:4)
  A leopard gecko (D:4)
3 creatures vanquished.

Vanquished Creatures (others)
  An orc wizard (D:3)
1 creature vanquished.

Grand Total: 111 creatures vanquished

Notes
Turn   | Place    | Note
-------+----------+-------------------------------------------
     0 | D:1      | KristoblXynda the Spriggan Artificer began the quest for the Orb.
     0 | D:1      | Reached XP level 1. HP: 9/9 MP: 4/4
   124 | D:1      | Reached skill level 1 in Fighting
   325 | D:1      | Reached XP level 2. HP: 11/14 MP: 6/6
   769 | D:2      | Reached XP level 3. HP: 15/18 MP: 7/7
  1445 | D:2      | Found a bloodstained altar of Trog.
  1651 | D:3      | Reached skill level 5 in Evocations
  1651 | D:3      | Reached XP level 4. HP: 11/23 MP: 8/8
  2040 | D:3      | Found a basalt altar of Yredelemnul.
  2747 | D:3      | Reached XP level 5. HP: 21/26 MP: 10/10
  3590 | D:4      | Reached skill level 5 in Stealth
  3785 | D:4      | Noticed an ogre
  3793 | D:4      | Killed an ogre
  3793 | D:4      | Reached XP level 6. HP: 23/30 MP: 11/11
  4637 | D:4      | Found a glowing silver altar of Zin.
  4638 | D:4      | Noticed an angel
  5070 | D:4      | Found a staircase to the Ecumenical Temple.
  5105 | Temple   | Entered the Ecumenical Temple
  5202 | Temple   | Became a worshipper of Uskayaw the Reveler
  5488 | D:4      | Reached * piety under Uskayaw
  5490 | D:4      | Reached ** piety under Uskayaw
  5554 | D:4      | Reached XP level 7. HP: 21/34 MP: 13/13
  5657 | D:4      | Got a crude hand axe
  5658 | D:4      | Identified the cursed +1 hand axe of Gehenna {venom, *Noise Str+5} (You found it on level 4 of the Dungeon)
  5698 | D:5      | Entered Level 5 of the Dungeon
  6210 | D:5      | Slain by an orc wizard

Vault maps used:
D:1:      sevenhm_arrival_forest_fort_small_4
D:2:      trog_hazing_becter
D:3:      minmay_roachtagon, yredelemnul_altar_generic, serial_undead,
          serial_undead_e, serial_undead_a, serial_undead_f, serial_undead_e
D:4:      zin_angel, first_bread
D:5:      nicolae_ru_awakened_eye
Temple:   jpeg_temple_clearing

Skill      XL: |  1  2  3  4  5  6  7 |
---------------+----------------------+-----
Fighting       | 1 |  1.7
Stealth        | 2 3 4 5 6 7 |  7.4
Evocations     | 5 6 7 |  7.5
Short Blades   | 2 3 4 |  4.7
Dodging        | |  3.0

Action                   |  1- 3 |  4- 6 |  7- 9 || total
-------------------------+-------+-------+-------++-------
Melee: Short sword       |    98 |   285 |     2 ||   385
       Hand axe          |       |       |    56 ||    56
Evoke: Wand              |     7 |    29 |     5 ||    41
  Use: Scroll            |       |     7 |     4 ||    11
       Potion            |       |     1 |     1 ||     2
 Stab: Sleeping          |     9 |     9 |     5 ||    23
       Distracted        |       |       |     1 ||     1
  Eat: Pizza             |       |     1 |     1 ||     2
Armor: Robe              |     5 |    20 |     3 ||    28
Dodge: Dodged            |    96 |   262 |    59 ||   417
